 Dungeon Crawl Stone Soup version 0.24-a0-309-g1095bcad4c (webtiles) character file.

Game seed: 14533609401273954400

3944 HAL9000 the Slicer (level 10, 0/46 HPs)
             Began as a Vine Stalker Assassin on May 14, 2019.
             Was a Believer of Dithmenos.
             Succumbed to a black mamba's poison
             ... on level 8 of the Dungeon.
             The game lasted 00:23:03 (10164 turns).

HAL9000 the Slicer (Vine Stalker Assassin)         Turns: 10164, Time: 00:23:03

Health: 0/46       AC:  8    Str: 16    XL:     10   Next: 21%
Magic:  10/11      EV: 16    Int: 13    God:    Dithmenos [**....]
Gold:   351        SH:  0    Dex: 18    Spells: 9/9 levels left

rFire    . . .     SeeInvis .   a - +1 dagger (speed)
rCold    . . .     Gourm    .   w - +0 buckler
rNeg     + . .     Faith    .   y - +2 leather armour of Uzeeton {rN+ Str+3 Stlth+}
rPois    .         Spirit   +   (no helmet)
rElec    .         Reflect  .   c - +0 cloak
rCorr    .         Harm     .   r - +0 pair of gloves
MR       +....                  (no boots)
Stlth    +++.......             (no amulet)
HPRegen  0.55/turn              o - +5 ring of evasion
MPRegen  0.12/turn              (no ring)

@: confused, lethally poisoned (0 -> -34), very slightly contaminated, wreathed
by umbra, invisible
A: fangs 3, regeneration 1, magic shield, antimagic bite, no potion heal 3, rot
immunity
a: Shadow Step, Renounce Religion


You were on level 8 of the Dungeon.
You worshipped Dithmenos.
Dithmenos was pleased with you.
You were not hungry.

You visited 3 branches of the dungeon, and saw 10 of its levels.

You collected 351 gold pieces.

Inventory:

Hand Weapons
 a - a +1 dagger of speed (weapon)
Missiles
 d - 17 poisoned darts
 C - 5 javelins
 E - 4 boomerangs (quivered)
Armour
 c - a +0 cloak (worn)
 r - a +0 pair of gloves (worn)
 w - a +0 buckler (worn)
 y - the +2 leather armour of Uzeeton (worn) {rN+ Str+3 Stlth+}
   (You found it on level 7 of the Dungeon)

   It affects your strength (+3).
   It protects you from negative energy.
   It makes you more stealthy.
Jewellery
 o - a +5 ring of evasion (left hand)
Wands
 p - a wand of clouds (3)
 t - a wand of disintegration (9)
 z - a wand of digging (5)
Scrolls
 g - 2 scrolls of magic mapping {unknown}
 h - 5 scrolls of remove curse
 j - 2 scrolls of random uselessness {unknown}
 k - 2 scrolls of enchant armour {unknown}
 m - 3 scrolls of enchant weapon {unknown}
 n - 2 scrolls of fear {unknown}
 q - 2 scrolls of blinking {unknown}
 s - a scroll of immolation {unknown}
 v - 4 scrolls of teleportation {unknown}
 x - 2 scrolls of noise {unknown}
 B - a scroll of amnesia {unknown}
 F - a scroll of summoning {unknown}
Potions
 b - a potion of invisibility
 e - a potion of berserk rage
 i - a potion of haste
 l - a potion of mutation
 u - 2 potions of brilliance
 A - a potion of ambrosia
 D - a potion of cancellation {unknown}
 G - a potion of magic {unknown}
Comestibles
 f - 21 rations
 H - a chunk of flesh


   Skills:
 - Level 1.7 Fighting
 - Level 10.1 Short Blades
 - Level 1.7 Throwing
 + Level 5.2 Armour
 - Level 0.7 Dodging
 - Level 8.3 Stealth
 - Level 4.0 Shields


You had 9 spell levels left.
You didn't know any spells.
Your spell library contained the following spells:

 Spells                   Type           Power        Failure   Level  Hunger
 Beastly Appendage        Tmut           #.....       36%         1    ##.....
 Sticks to Snakes         Tmut           #.......     50%         2    ###....
 Spider Form              Tmut/Pois      #.........   73%         3    ####...
 Ice Form                 Ice/Tmut       #.......     98%         4    #####..
 Blade Hands              Tmut           #.........   100%        5    ######.


Dungeon Overview and Level Annotations

Branches:
Dungeon (8/15)             Temple (1/1) D:6            Lair (1/6) D:8

Altars:
Ashenzari
Cheibriados
Dithmenos
Elyvilon
Fedhas
Gozag
Hepliaklqana
Kikubaaqudgha
Makhleb
Nemelex Xobeh
Okawaru
Qazlal
Ru
Sif Muna
Trog
Uskayaw
Vehumet
Wu Jian
Xom
Yredelemnul
Zin
The Shining One

Annotations:
D:7 3 runed translucent doors, floatboth's ghost, novice DEWz
Lair:1 1 transporter


Innate Abilities, Weirdness & Mutations

You have razor-sharp teeth.
Your natural rate of healing is unusually fast.
When hurt, damage is shared between your health and your magic reserves.
Your bite disrupts and absorbs the magic of your enemies.
Potions cannot restore your health.
You are immune to rotting.


Message History

You hit the black mamba. You bite the black mamba. You drain its power.
You feel invigorated.
The black mamba is lightly wounded.
* * * LOW HITPOINT WARNING * * *
You feel sick. The black mamba bites you!
* * * LOW HITPOINT WARNING * * *
You are more poisoned.
The black mamba poisons you!
Okay, then.
It was a potion of invisibility.
You fade into invisibility!
* * * LOW HITPOINT WARNING * * *
You feel very sick. You block the black mamba's attack.
The black mamba misses you.
You are very lightly contaminated with residual magic.
Unknown command.
It was a potion of ambrosia.
You are confused.
Your system rejects the healing.
You feel invigorated.
You die...

#......#
#.#
#...>..#
#.#
###......#
#.#
.........#
#.#
.........#
#.#
...#######
#.# ..##
#.# ..#
### #.#
..#
#@#####.#
≈.#
#§S§....#
..######
#######.#
.......#
#.#
..####.#
#.# ###
#.# #.#
#.# #.#
#.# #.#
#.#
########
#.#


You could see a black mamba.

Vanquished Creatures
  Urug (Lair:1)
  A centaur skeleton (D:7)
  Sigmund (D:3)
  A spriggan (D:7)
  Eustachio (D:6)
  Menkaure (D:5)
  2 orc warriors (D:5)
  An ice beast (D:6)
  A phantom (D:6)
  A sky beast (D:5)
  2 ogres (D:5)
  A centaur (D:7)
  A bullfrog (D:6)
  A scorpion (D:4)
  5 killer bees (D:7)
  4 wights (D:8)
  3 crimson imps
  A quasit (D:8)
  2 bullfrog zombies
  4 jellies
  4 orc wizards
  2 gnoll shamans
  2 orc priests
  Crazy Yiuf (D:4)
  2 hounds (D:7)
  Ijyb (D:5)
  An iguana (D:4)
  3 worker ants
  A hound zombie (D:7)
  A worker ant zombie (D:8)
  11 gnolls
  14 adders
  6 river rats (D:6)
  A shadow imp (D:8)
  8 oozes
  3 adder skeletons
  An adder zombie (D:5)
  4 worms
  2 dart slugs
  4 leopard geckos
  32 orcs
  A ball python (D:2)
  9 bats
  6 giant cockroaches
  11 goblins
  7 hobgoblins
  8 jackals
  15 kobolds
  7 quokkas
  4 frilled lizards
  7 rats
214 creatures vanquished.

Vanquished Creatures (others)
  3 fungi
  2 plants (D:7)
  9 toadstools (D:4)
14 creatures vanquished.

Grand Total: 228 creatures vanquished

Notes
Turn   | Place    | Note
-------+----------+-------------------------------------------
     0 | D:1      | HAL9000 the Vine Stalker Assassin began the quest for the
                  | Orb.
     0 | D:1      | Reached XP level 1. HP: 11/11 MP: 2/2
   194 | D:1      | Reached skill level 5 in Stealth
   586 | D:1      | Reached XP level 2. HP: 12/15 MP: 3/3
   688 | D:1      | Reached skill level 2 in Short Blades
  1063 | D:1      | Reached XP level 3. HP: 18/18 MP: 4/4
  2125 | D:2      | Gained mutation: Your natural rate of healing is unusually
                  | fast. [Vine Stalker growth]
  2125 | D:2      | Reached XP level 4. HP: 18/23 MP: 5/5
  2870 | D:3      | Reached XP level 5. HP: 25/26 MP: 4/6
  2876 | D:3      | Reached skill level 3 in Short Blades
  3587 | D:3      | Noticed Sigmund
  3766 | D:3      | Killed Sigmund
  3766 | D:3      | Reached skill level 4 in Short Blades
  3766 | D:3      | Reached skill level 1 in Shields
  3766 | D:3      | Reached XP level 6. HP: 30/30 MP: 7/7
  4253 | D:4      | Found a white marble altar of Elyvilon.
  4256 | D:4      | Found a sacrificial altar of Ru.
  4349 | D:4      | Found an ornate altar of the Wu Jian Council.
  4383 | D:4      | Reached XP level 7. HP: 34/34 MP: 8/8
  4445 | D:4      | Reached skill level 5 in Short Blades
  5166 | D:4      | Found a runed translucent door.
  5167 | D:4      | Noticed Crazy Yiuf
  5174 | D:4      | Killed Crazy Yiuf
  5200 | D:5      | Entered Level 5 of the Dungeon
  5206 | D:5      | Noticed Menkaure
  5255 | D:4      | Found a snail-covered altar of Cheibriados.
  5327 | D:5      | Found an ancient bone altar of Kikubaaqudgha.
  5360 | D:5      | Reached skill level 6 in Short Blades
  5367 | D:5      | Gained mutation: You have razor-sharp teeth. [Vine Stalker
                  | growth]
  5367 | D:5      | Reached XP level 8. HP: 33/38 MP: 9/9
  5669 | D:5      | Noticed Ijyb
  5676 | D:5      | Killed Ijyb
  5872 | D:5      | Killed Menkaure
  5872 | D:5      | Reached skill level 7 in Short Blades
  6133 | D:6      | Found a staircase to the Ecumenical Temple.
  6208 | Temple   | Entered the Ecumenical Temple
  6309 | Temple   | Became a worshipper of Dithmenos the Shadowed
  6751 | D:6      | Reached skill level 8 in Short Blades
  7078 | D:6      | Noticed Eustachio
  7093 | D:6      | Killed Eustachio
  7093 | D:6      | Reached XP level 9. HP: 42/42 MP: 10/10
  7618 | D:6      | Reached skill level 9 in Short Blades
  7656 | D:6      | Reached * piety under Dithmenos
  7716 | D:7      | Got a heavily runed leather armour
  7730 | D:7      | Identified the +2 leather armour of Uzeeton {rN+ Str+3
                  | Stlth+} (You found it on level 7 of the Dungeon)
  8387 | D:7      | Reached skill level 10 in Short Blades
  8400 | D:7      | Found a runed translucent gate.
  8400 | D:7      | Found a runed translucent gate.
  8400 | D:7      | Found a runed translucent gate.
  8401 | D:7      | Noticed a kobold demonologist
  8402 | D:7      | Noticed floatboth's ghost (novice DEWz)
  8403 | D:7      | Identified the +1 short sword "Orb Guardian's Curse"
                  | {drain, Fragile rC+ MR+ Str+7}
  8438 | D:7      | Reached skill level 1 in Armour
  9205 | D:8      | Reached ** piety under Dithmenos
  9595 | D:8      | Reached XP level 10. HP: 44/46 MP: 11/11
  9617 | D:8      | Found a staircase to the Lair.
 10041 | Lair:1   | Entered Level 1 of the Lair of Beasts
 10048 | Lair:1   | Noticed Urug
 10055 | Lair:1   | Killed Urug
 10055 | Lair:1   | Reached skill level 5 in Armour
 10066 | Lair:1   | Found a transporter.
 10070 | Lair:1   | Noticed a fire crab
 10109 | Lair:1   | Noticed a black mamba
 10164 | D:8      | Succumbed to a black mamba's poison

Levels and vault maps discovered:
D:1:      evilmike_arrival_rings, layout_basic
D:2:      layout_loops_ring
D:3:      layout_basic, first_ration, uniq_sigmund
D:4:      cheibrodos_fertilizer, layout_cave_pools,
          nicolae_overflow_hidden_temple, uniq_crazy_yiuf_cottage
D:5:      layout_basic, basic_altar, minmay_checkerbox, uniq_ijyb, uniq_menkaure
D:6:      layout_basic, minmay_temple_entry_water_ring,
          lightli_sewer_entry_pipes, uniq_eustachio
D:7:      layout_basic, gammafunk_ghost_nasty_kobolds, the_bakery,
          minmay_misc_feat_ornament
D:8:      layout_basic, lair_entry_dummy
Temple:   compressed_dpeg_circular_temple
Lair:1:   gammafunk_cloud_chamber, layout_small_grid, gammafunk_ghost_grave,
          uniq_urug

Skill      XL: |  1  2  3  4  5  6  7  8  9 10 |
---------------+-------------------------------+-----
Stealth        | 5 6 7 8 |  8.3
Short Blades   | 2 4 6 8 10 | 10.1
Shields        | 1 2 3 4 |  4.0
Armour         | 3 5 |  5.2
Fighting       | |  1.7
Throwing       | |  1.7
Dodging        | |  0.7

Action                   |  1- 3 |  4- 6 |  7- 9 | 10-12 || total
-------------------------+-------+-------+-------+-------++-------
Melee: Dagger            |   115 |   211 |   686 |    56 ||  1068
       Bite              |    27 |    71 |   228 |    20 ||   346
Throw: Dart              |     1 |    16 |    27 |       ||    44
       Boomerang         |       |       |     8 |       ||     8
Evoke: Wand              |       |       |     3 |     1 ||     4
  Use: Scroll            |       |       |     8 |       ||     8
       Potion            |       |       |       |     2 ||     2
 Stab: Sleeping          |     9 |    11 |    27 |     3 ||    50
       Confused          |       |       |     1 |       ||     1
  Eat: Chunk             |     4 |     7 |    16 |     2 ||    29
Armor: Robe              |    18 |    25 |    20 |       ||    63
       Leather armour    |       |       |    20 |     2 ||    22
Dodge: Dodged            |    45 |   136 |   216 |    34 ||   431
Block: Buckler           |       |     9 |    63 |     8 ||    80

Table legend:
 A = Non-vault XP
 B = Vault XP
 C = Vault XP percentage of total XP
 D = Non-vault monster count
 E = Vault monster count
 F = Vault count percentage of total count
                 A         B        C        D         E       F
            +---------+---------+-------+---------+---------+-------
      Total |    3554 |    2081 |  36.9 |     179 |      35 |  16.4
            +---------+---------+-------+---------+---------+-------
        D:1 |      43 |       0 |   0.0 |      22 |       0 |   0.0
        D:2 |      90 |       0 |   0.0 |      24 |       0 |   0.0
        D:3 |     182 |     227 |  55.5 |      29 |       1 |   3.3
        D:4 |     253 |     180 |  41.6 |      22 |      16 |  42.1
        D:5 |     750 |     258 |  25.6 |      12 |       4 |  25.0
        D:6 |     511 |     326 |  38.9 |      20 |      12 |  37.5
        D:7 |    1092 |     215 |  16.4 |      21 |       1 |   4.5
        D:8 |     633 |       0 |   0.0 |      29 |       0 |   0.0
     Lair:1 |       0 |     875 | 100.0 |       0 |       1 | 100.0
            +---------+---------+-------+---------+---------+-------
